 Dungeon Crawl Stone Soup version 0.31.0-1-g2c135a008e (webtiles) character file.

Game seed: 275104522228181156

774 Eitelfritz the Ruffian (level 7, 0/50 HPs)
             Began as a Merfolk Shapeshifter on Jan 20, 2024.
             Succumbed to an orc wizard's poison
             ... on level 6 of the Dungeon.
             The game lasted 00:09:39 (4862 turns).

Eitelfritz the Ruffian (Merfolk Shapeshifter)       Turns: 4862, Time: 00:09:40

Health: 0/50       AC:  6    Str: 16    XL:     7   Next: 84%
Magic:  7/7        EV: 17    Int:  9    God:
Gold:   244        SH:  5    Dex: 14    Spells: 6/6 levels left

rFire   . .          .
                       - Unarmed
rCold   . . .        (no shield)
rNeg    . . .        o - +1 ring mail
rPois   .            s - melded +2 helmet of Duty {Fly rF+}
rElec   .            (cloak currently unavailable)
rCorr   .            (gloves currently unavailable)
SInv    .            i - melded +0 pair of boots
Will    .....        g - amulet of reflection
Stlth   +            l - +5 ring of evasion
HPRegen 0.28/turn    w - ring of flight
MPRegen 0.10/turn

%: reflection
@: lethally poisoned (0 -> -18), beast-form, flying
A: beast (slay +3), (nimble swimmer 2), mertail
a: Begin Untransformation


You were on level 6 of the Dungeon.
You were a hulking beast.
You visited 1 branch of the dungeon, and saw 6 of its levels.

You collected 244 gold pieces.

Inventory:

Hand Weapons
 k - a +0 sling
 z - a +0 orcbow
Missiles
 e - 26 poisoned darts (quivered)
Armour
 a - an orb of energy
 f - +0 ice dragon scales
 i - a +0 pair of boots (melded)
 o - a +1 ring mail (worn)
 s - the +2 helmet of Duty (melded) {Fly rF+}
   (You found it on level 4 of the Dungeon)

   rF+:       It protects you from fire.
   Fly:       It grants you flight.
Jewellery
 g - an amulet of reflection (around neck)
 l - a +5 ring of evasion (left hand)
 u - a ring of fire
 v - the ring of Sesu Qeo {Ice Will+}
   (You found it on level 4 of the Dungeon)

   [ring of ice]

   Ice:       It enhances your ice magic.
   rF-:       It makes you vulnerable to fire.
   rC+:       It protects you from cold.
   Will+:     It increases your willpower.
 w - a ring of flight (right hand)
 y - a ring of ice
Talismans
 c - a beast talisman (active)
 d - a flux talisman
Wands
 n - a wand of polymorph (21)
 x - a wand of digging (8)
Scrolls
 r - a scroll of teleportation
Potions
 b - a potion of lignification
 h - a potion of might
 j - 2 potions of curing
 m - a potion of haste
 p - a potion of enlightenment
 t - 2 potions of brilliance {unknown}


   Skills:
 + Level 2.2 Fighting
 + Level 0.5 Throwing
 + Level 2.1 Armour
 + Level 4.6 Dodging
 + Level 1.8 Stealth
 + Level 1.6 Shields
 + Level 7.0 Unarmed Combat
 + Level 5.2 Shapeshifting


You had 6 spell levels left.
You didn't know any spells.
Your spell library contained the following spells:

 Spells                   Type           Power      Damage    Failure   Level
 Apportation              Tloc           0%         N/A       58%         1
 Ensorcelled Hibernation  Hex/Ice        0%         N/A       75%         2
 Jinxbite                 Hex            0%         N/A       75%         2
 Fugue of the Fallen      Necr           0%         N/A       92%         3
 Passwall                 Erth           0%         N/A       92%         3
 Swiftness                Air            0%         N/A       92%         3
 Anguish                  Hex/Necr       0%         N/A       100%        4
 Ignite Poison            Fire/Alch      0%         N/A       100%        4
 Sticky Flame             Fire/Alch      0%         2d4       100%        4
 Alistair's Intoxication  Alch           0%         N/A       100%        5
 Ignition                 Fire           0%         3d3       100%        8


Dungeon Overview and Level Annotations

Branches:
Dungeon (6/15)             Temple (0/1) D:6

Altars:
Fedhas
Kikubaaqudgha
Makhleb

Shops:
D:4 [

Annotations:
D:4 3 runed translucent doors, TangoThomas's ghost, amateur DjGl


Innate Abilities, Weirdness & Mutations

You are a hulking beast.
Your limbs bulge with bestial killing power. (Slay +3)
((You are very nimble when in or above water. (Stealth+, EV+, Speed+++)))
Your lower body shifts to a powerful aquatic tail in water.


Message History

You are poisoned.
You feel better.
You hear some strange, mumbled words.
A magic dart appears from out of thin air!
The magic dart hits you.
You feel much better.
You hear some strange, mumbled words.
You are confused.
You bump into the rock wall.
Something barely misses you.
You bump into the rock wall.
Something hits you.
You are poisoned.
You bump into the rock wall.
You feel very sick. Something hits you but does no damage.
You are more poisoned.
You bump into the rock wall.
You feel very sick.
You hear some strange, mumbled words.
A magic dart appears from out of thin air!
The magic dart hits you.
You feel less confused.
You feel very sick.
You barely miss something.
You feel very sick. Something hits you.
* * * LOW HITPOINT WARNING * * *
You are lethally poisoned!
You closely miss something.
* * * LOW HITPOINT WARNING * * *
You feel very sick.
You hit something but do no damage.
* * * LOW HITPOINT WARNING * * *
You feel very sick. Something hits you.
* * * LOW HITPOINT WARNING * * *
You are more poisoned.
You hit something.
Reactivating autopickup.
You feel a bit more experienced.
You die...

#.#.# #.#.# . #.#.#..
#.#.#.# #.#.#<#
#.#.#.# # #...>.#
....###########...####
......o)h............+
.....##########...####
... ########.## .
#.........##
#.8.8.8....##
#..⌠.⌠......#
#.8.>.8.....#
...⌠.⌠......#####
..8.8.8......)..#


You could see an orc.

Vanquished Creatures
  An ogre (D:4)
  A centaur (D:6)
  2 bullfrogs (D:6)
  3 scorpions
  2 jellies
  A hound (D:3)
  An orc priest (D:6)
  An iguana (D:4)
  An orc wizard (D:6)
  5 adders
  2 ufetubi (D:6)
  A ribbon worm (D:3)
  6 dart slugs
  7 orcs
  6 ball pythons
  9 bats
  7 endoplasms
  2 giant cockroaches
  9 goblins
  11 hobgoblins
  4 quokkas
  3 frilled lizards
  10 kobolds
  5 rats
100 creatures vanquished.

Notes
Turn   | Place    | Note
-------+----------+-------------------------------------------
     0 | D:1      | Eitelfritz the Merfolk Shapeshifter began the quest for the
                  | Orb.
     0 | D:1      | Reached XP level 1. HP: 15/15 MP: 1/1
   113 | D:1      | Reached XP level 2. HP: 21/21 MP: 2/2
   504 | D:1      | Reached skill level 4 in Unarmed Combat
   523 | D:1      | Found a faded altar of an unknown god.
   578 | D:1      | Reached XP level 3. HP: 26/26 MP: 3/3
   793 | D:2      | Reached XP level 4. HP: 17/32 MP: 4/4
  1308 | D:2      | Identified the +1 mace of Quly {drain, Int+3}
  1756 | D:3      | Reached XP level 5. HP: 21/37 MP: 5/5
  1843 | D:3      | Reached skill level 5 in Unarmed Combat
  1904 | D:3      | Found an ancient bone altar of Kikubaaqudgha.
  2009 | D:3      | Reached skill level 1 in Stealth
  2386 | D:4      | Noticed an ogre
  2452 | D:4      | Found a runed translucent gate.
  2452 | D:4      | Found a runed translucent gate.
  2452 | D:4      | Found a runed translucent gate.
  2484 | D:4      | Killed an ogre
  2485 | D:4      | Reached skill level 1 in Shields
  2485 | D:4      | Reached XP level 6. HP: 12/44 MP: 6/6
  2626 | D:4      | Found Lehaipag's Antique Armour Boutique.
  2682 | D:4      | Identified the +2 helmet of Duty {Fly rF+}
  2994 | D:4      | Identified the ring of Sesu Qeo {Ice Will+}
  2994 | D:4      | Noticed TangoThomas's ghost (amateur DjGl)
  3012 | D:4      | Reached skill level 5 in Shapeshifting
  3189 | D:4      | Noticed an ice beast
  3227 | D:5      | Entered Level 5 of the Dungeon
  3527 | D:5      | Reached skill level 1 in Armour
  3527 | D:5      | Reached skill level 6 in Unarmed Combat
  3607 | D:5      | Reached XP level 7. HP: 44/49 MP: 7/7
  4500 | D:6      | Found a blossoming altar of Fedhas.
  4500 | D:6      | Found a burning altar of Makhleb.
  4751 | D:6      | Found a staircase to the Ecumenical Temple.
  4844 | D:6      | Reached skill level 7 in Unarmed Combat
  4862 | D:6      | Succumbed to an orc wizard's poison

Illustrated notes

Levels and vault maps discovered:
D:1:      grunt_arrival_crossed_arrows, layout_loops_ring,
          hellmonk_ecumenical_altar_defaced_shrine, minmay_tetromino_l4
D:2:      layout_loops_ring, serial_rivers, chequers_serial_rivers_large_b,
          chequers_serial_rivers_micro_b, chequers_serial_rivers_micro_d,
          chequers_serial_rivers_small_a, minmay_misc_feat_more_columns,
          kennysheep_generic_room_11
D:3:      layout_loops_cross, nicolae_kikubaaqudgha_miasma_corner
D:4:      layout_basic, serial_shops, nicolae_shop_tiny_statue_garden,
          gammafunk_ghost_icy
D:5:      layout_layer_cave
D:6:      layout_loops_corners, mainiacjoe_overflow_divided_tiny,
          minmay_temple_entry_statues_fountains, portal_sewer_entry_d,
          minmay_misc_feat_columns, nicolae_half_adder

Skill      XL: |  1  2  3  4  5  6  7 |
---------------+----------------------+-----
Unarmed Combat | 4 5 6 7 |  7.0
Dodging        | 3 4 |  4.6
Stealth        | 1 |  1.8
Shields        | 1 |  1.6
Shapeshifting  | 5 |  5.2
Armour         | 1 2 |  2.1
Fighting       | 2 |  2.2
Throwing       | |  0.5

Action                     |  1- 3 |  4- 6 |  7- 9 || total
---------------------------+-------+-------+-------++-------
  Melee: Unarmed           |    82 |   149 |    53 ||   284
         Punch             |     1 |     4 |     2 ||     7
  Throw: Dart              |       |     4 |       ||     4
Ability: Begin Untransform |       |     1 |       ||     1
    Use: Scroll            |       |     6 |     3 ||     9
         Potion            |       |       |     3 ||     3
   Stab: Sleeping          |       |     5 |       ||     5
 Armour: Animal skin       |    34 |    28 |       ||    62
         Ring mail         |       |    33 |    30 ||    63
  Dodge: Dodged            |    47 |    82 |    42 ||   171
  Block: Other             |    19 |    30 |     9 ||    58
         Reflection        |     2 |       |       ||     2
   Form: Beast             |       |     1 |       ||     1
